 Dungeon Crawl Stone Soup version 0.25.1-2-g60ff931df9 (webtiles) character file.

Game seed: 21518182498693617

86 nikku the Skirmisher (level 4, -1/41 HPs)
             Began as a Minotaur Berserker on Nov 9, 2020.
             Was a Believer of Trog.
             Slain by a gnoll
             ... wielding a +0 flail
              (10 damage)
             ... on level 2 of the Dungeon.
             The game lasted 00:02:53 (1531 turns).

nikku the Skirmisher (Minotaur Berserker)           Turns: 1531, Time: 00:02:53

Health: -1/41      AC:  2    Str: 22    XL:     4   Next: 26%
Magic:  3/3        EV: 12    Int:  4    God:    Trog [**....]
Gold:   59         SH:  0    Dex: 10    Spells: 3/3 levels left

rFire    . . .     SeeInvis .   a - +0 hand axe
rCold    . . .     Gourm    .   (no shield)
rNeg     . . .     Faith    .   b - +0 animal skin
rPois    .         Spirit   .   (helmet restricted)
rElec    .         Reflect  .   (no cloak)
rCorr    .         Harm     .   (no gloves)
MR       ++...                  (no boots)
Stlth    +.........             (no amulet)
HPRegen  1.13/turn              (no ring)
MPRegen  0.08/turn              (no ring)

@: regenerating
A: retaliatory headbutt, horns 2
a: Berserk, Trog's Hand, Renounce Religion


You were on level 2 of the Dungeon.
You worshipped Trog.
Trog was pleased with you.
You were not hungry.

You visited 1 branch of the dungeon, and saw 2 of its levels.

You collected 59 gold pieces.

Inventory:

Hand Weapons
 a - a +0 hand axe (weapon)
Armour
 b - a +0 animal skin (worn)
 f - a +0 crystal plate armour
Scrolls
 e - 2 scrolls of remove curse
 i - a scroll of teleportation {unknown}
Potions
 d - a potion of haste
 h - a potion of lignification {unknown}
Comestibles
 c - 2 rations
 g - 3 chunks of flesh


   Skills:
 + Level 4.4 Fighting
 + Level 4.4 Axes
 * Level 4.1 Armour
 - Level 2.1 Dodging


You had 3 spell levels left.
You didn't know any spells.
Your spell library was empty.

Dungeon Overview and Level Annotations

Branches:
Dungeon (2/15)

Altars:


Innate Abilities, Weirdness & Mutations

You reflexively headbutt those who attack you in melee.
You have a pair of horns on your head.


Message History

You hit the gnoll but do no damage. You barely miss the gnoll.
The gnoll hits you!
* * * LOW HITPOINT WARNING * * *
The gnoll misses you.
Your skin crawls.
You feel resistant to hostile enchantments.
You feel quite a bit more hungry. The gnoll hits you.
* * * LOW HITPOINT WARNING * * *
You hit the gnoll.
The gnoll is severely wounded.
You closely miss the gnoll. The gnoll closely misses you.
You furiously retaliate!
You headbutt the gnoll. The gnoll hits you but does no damage.
You slash the gnoll!
You kill the gnoll!
Trog accepts your kill.
You barely miss the gnoll. The gnoll hits you with a +0 flail.
* * * LOW HITPOINT WARNING * * *
You hit the gnoll but do no damage. The gnoll hits you with a +0 flail!
You die...

#.###.# #.## ##.# .# #..##
##..##.....#..# ...###.....##.##
.### #..... #..# .### #.....###.#
.).# #......##.## .# .......(..
...# #..........####.# #.........
...# ##.#.##..†@).#.# #.........
.).# ##.........g....###.........
#)####............#......).......
#.# #...............#.#..........
#.# #.................##.........
#.###..............##..#.........
#.#.........).......#..##....###.
#...#...................#....# ##
##..##..........(.####..#....#


You could see a gnoll.

Vanquished Creatures
  5 gnolls (D:2)
  2 leopard geckos (D:2)
  2 bats
  2 giant cockroaches (D:1)
  3 goblins
  8 hobgoblins
  4 frilled lizards (D:1)
  6 kobolds (D:1)
  4 rats (D:1)
36 creatures vanquished.

Notes
Turn   | Place    | Note
-------+----------+-------------------------------------------
     0 | D:1      | nikku the Minotaur Berserker began the quest for the Orb.
     0 | D:1      | Reached XP level 1. HP: 19/19 MP: 0/0
   237 | D:1      | Reached XP level 2. HP: 24/27 MP: 1/1
   923 | D:2      | Reached XP level 3. HP: 30/33 MP: 2/2
  1008 | D:2      | Reached ** piety under Trog
  1009 | D:2      | Noticed an ogre
  1523 | D:2      | Reached XP level 4. HP: 26/41 MP: 3/3
  1531 | D:2      | Slain by a gnoll

Illustrated notes

Levels and vault maps discovered:
D:1:      erik_arrival_blinker_ship, layout_loops_ring
D:2:      layout_rooms

Skill      XL: |  1  2  3 |
---------------+----------+-----
Armour         | 3 4 |  4.1
Fighting       | 4 |  4.4
Axes           | 4 |  4.4
Dodging        | |  2.1

Action                   |  1- 3 |  4- 6 || total
-------------------------+-------+-------++-------
Melee: Hand axe          |    80 |     7 ||    87
       Headbutt          |     8 |       ||     8
Invok: Trog's Hand       |       |     1 ||     1
  Use: Scroll            |     2 |       ||     2
  Eat: Chunk             |     2 |       ||     2
Armor: Animal skin       |    12 |     1 ||    13
Dodge: Dodged            |    61 |     3 ||    64
